 Dungeon Crawl Stone Soup version 0.17.1-1-g73c8601 (webtiles) character file.

33784 Implojin the Grappler (level 13, -11/140 HPs)
             Began as a Troll Fighter on Apr 9, 2016.
             Was a High Priest of Okawaru.
             Killed from afar by Arachne (33 damage)
             ... with a poison arrow
             ... on level 2 of the Spider Nest.
             The game lasted 00:38:43 (5430 turns).

Implojin the Grappler (Troll Fighter)               Turns: 5430, Time: 00:38:43

Health: -11/140    AC: 10    Str: 32    XL:     13   Next: 38%
Magic:  20/27      EV: 15    Int:  4    God:    Okawaru [*****.]
Gold:   763        SH: 22    Dex: 13    Spells: 3 memorised, 5 levels left

rFire  + . .     SeeInvis .       - Unarmed
rCold  + + .     Clarity  .     C - +2 robe {rC+ rF+}
rNeg   . . .     SustAt   .     h - +2 large shield {AC+3}
rPois  .         Gourm    +     (helmet restricted)
rElec  .         Spirit   .     (no cloak)
rCorr  .         Warding  .     (gloves unavailable)
rMut   .         Stasis   .     (boots unavailable)
MR     .....                    w - amulet of faith
Stlth  ++........               i - ring of magical power
                                Z - ring of protection from cold

@: mighty, lethally poisoned (-11 -> -14), heroism, finesse, very slightly
contaminated, hasted, very quick, not resistant to hostile enchantments,
unstealthy
A: unfitting armour, claws 3, fast metabolism 3, gourmand, regeneration 2,
shaggy fur 1, tough skin 2
a: Heroism, Finesse, Renounce Religion


You were on level 2 of the Spider Nest.
You worshipped Okawaru.
Okawaru was extremely pleased with you.
You were very hungry.

You visited 4 branches of the dungeon, and saw 21 of its levels.
You visited the Abyss 1 time.
You also visited: Bailey and Ice Cave.

You collected 763 gold pieces.

Inventory:

Hand Weapons
 N - a +1 hand axe of flaming
Missiles
 E - 32 tomahawks of returning
 G - 3 large rocks
 P - 8 silver javelins (quivered)
Armour
 h - a +2 large shield of protection (worn)
 o - a +2 large shield of cold resistance
 C - a +2 robe of resistance (worn)
Jewellery
 a - an uncursed ring of protection from cold
 i - a ring of magical power (right claw)
 w - an amulet of faith (around neck)
 x - an uncursed ring of teleportation
 T - an uncursed amulet of regeneration {unknown}
 U - a +6 ring of intelligence
 Z - a ring of protection from cold (left claw)
Wands
 c - a wand of disintegration (15)
 f - a wand of lightning (4)
 n - a wand of disintegration (24)
 q - a wand of flame (35)
 D - a wand of fireball (9)
 H - a wand of confusion (32)
 L - a wand of enslavement (16)
 R - a wand of lightning (4)
 S - a wand of digging (15)
 W - a wand of polymorph (13)
 X - a wand of paralysis (12)
Scrolls
 b - 3 scrolls of remove curse
 g - a scroll of teleportation
 p - a scroll of fog
 r - 3 scrolls of fear
 y - 3 scrolls of recharging
 I - a scroll of amnesia
 K - 3 scrolls of enchant weapon
 M - 3 scrolls of enchant armour
Potions
 e - a potion of ambrosia
 j - 2 potions of brilliance {unknown}
 k - a potion of haste
 t - 2 potions of agility
 u - 3 potions of curing
 v - a potion of heal wounds {unknown}
 A - a potion of degeneration {unknown}
 B - 6 potions of flight
 O - a potion of magic {unknown}
 Q - a potion of mutation {unknown}
 V - 2 potions of might
 Y - 2 potions of cure mutation {unknown}
Books
 J - Rischig's Volume of Enchantment and Augmentations
   (You found it on level 11 of the Dungeon)

   Spells                             Type                      Level
   a - Confusing Touch                Hexes                        2
   b - Spectral Weapon                Hexes/Charms                 3
   c - Summon Guardian Golem          Hexes/Summoning              3
   d - Leda's Liquefaction            Hexes/Earth                  4
   e - Summon Mana Viper              Hexes/Summoning              5
   f - Deflect Missiles               Charms/Air                   6
   g - Haste                          Charms                       6
   h - Invisibility                   Hexes                        6
Comestibles
 d - 13 bread rations
 l - 6 meat rations
 z - 4 beef jerkies


   Skills:
 - Level 12.0(17.0) Fighting
 * Level 7.5(12.5) Dodging
 - Level 5.4(10.4) Shields
 - Level 12.0(17.0) Unarmed Combat
 - Level 9.1 Invocations


You had 5 spell levels left.
You knew the following spells:

 Your Spells              Type           Power        Failure   Level  Hunger
a - Blink                 Tloc           N/A          99%         2    ###....
b - Repel Missiles        Chrm/Air       #.....       99%         2    ###....
c - Regeneration          Chrm/Necr      #.........   100%        3    ####...


Dungeon Overview and Level Annotations

Branches:
Dungeon (12/15)            Temple (1/1) D:4            Lair (6/8) D:8
 Spider (2/4) Lair:6          Orc (0/4) D:11
  Swamp: Lair:3-6    Shoals: Lair:3-6     Slime: Lair:6-8

Altars:
Ashenzari
Cheibriados
Dithmenos
Elyvilon
Gozag
Kikubaaqudgha
Makhleb
Nemelex Xobeh
Okawaru
Qazlal
Ru
Sif Muna
Trog
Vehumet
Xom
Yredelemnul
Zin
The Shining One

Shops:
D:7 (

Annotations:
D:3 exclusion: upstairs
Spider:2 Arachne


Innate Abilities, Weirdness & Mutations

You are too large for most types of armour.
You have claws for hands.
Your metabolism is lightning-fast.
You like to eat raw meat.
You heal very quickly.
You are covered in fur (AC +1).
You have very tough skin (AC +2).


Message History

Found a stone staircase leading down.
Read which item? (? for menu, Esc to quit)
Okay, then.
Drink which item? (? for menu, Esc to quit)
You feel yourself speed up.
You are very lightly contaminated with residual magic.
You gain the combat prowess of a mighty hero.
You feel slightly more hungry.
Your claws get new energy.
You feel somewhat more hungry.
Drink which item? (? for menu, Esc to quit)
You feel very mighty all of a sudden.
Arachne stares at you and mumbles some strange words.
The poison arrow hits you!
You are poisoned.
* * * LOW HITPOINT WARNING * * *
Drink which item? (? for menu, Esc to quit)
You feel better.
Arachne's staff shoots out a stream of webbing.
You block the stream of webbing.
Drink which item? (? for menu, Esc to quit)
Okay, then.
Arachne says, "Come closer, little fly."
Arachne hits you with a staff of poison!
* * * LOW HITPOINT WARNING * * *
You are poisoned.
You eviscerate Arachne!!!
Arachne is lightly wounded.
You feel sick.
Arachne says, "You'll find yourself a bit attached to my weave."
You block Arachne's attack.
You claw Arachne!
Arachne is moderately wounded.
You are feeling very hungry.
You scratch Arachne.
Arachne is moderately wounded.
Arachne stares at you and mumbles some strange words.
The poison arrow hits you!
You are more poisoned.
You die...

.....#..#†...##
........†...## ####
.$...........###..##
..#....##....##..^.#
. ##..#.....##.....#
..#.....#........#
...#.............##
...
#..............## #.
##..#....@.#....##
#.#....H####....#
...#....#
##.........
...#..... ##........
.# #^..... ##.......
##.<.... #..##..
#.#....H ### .
...#..... ....
.#...>


You could see Arachne.

Vanquished Creatures
  A frost giant (IceCv)
  An emperor scorpion (Spider:2)
  A hydra (Lair:4)
  A queen ant (Lair:4)
  A tengu warrior (D:11)
  2 wizards (D:11)
  An unseen horror (D:11)
  Pikel (D:8)
  2 hill giants (D:10)
  2 orb spiders (Spider:2)
  3 orc knights (Bailey)
  A wolf spider (Spider:2)
  A spiny frog (Lair:1)
  2 black mambas
  An ice statue (IceCv)
  A centaur skeleton (D:10)
  A fire drake (D:8)
  A demonic crawler (Spider:2)
  The ghost of Implojin the Ruffian, an amateur TrFi (D:7)
  4 komodo dragons
  21 polar bears (IceCv)
  A troll (D:10)
  4 slime creatures (D:12)
  A boulder beetle (Spider:2)
  6 blink frogs
  31 yaks
  A spriggan (D:7)
  A wyvern (D:9)
  A tarantella (Spider:1)
  4 deep elf magi (D:11)
  5 redbacks (Spider:1)
  4 hippogriffs
  A fire elemental (D:11)
  A hungry ghost (D:7)
  4 soldier ants (Lair:4)
  4 water moccasins
  14 wolves (IceCv)
  6 orc warriors
  2 ice beasts
  A phantom (D:10)
  4 porcupines
  3 ogres
  7 centaurs
  6 crocodiles
  5 giant frogs
  3 scorpions
  A water moccasin skeleton (D:5)
  3 killer bees (D:11)
  3 wights (D:11)
  2 wasp zombies
  2 giant frog zombies
  3 crimson imps
  4 giant frog skeletons
  5 hounds
  3 iguanas
  A jelly (D:7)
  5 orc priests
  A centaur zombie (D:9)
  8 orc wizards
  12 worker ants
  A killer bee zombie (D:8)
  7 sheep (Lair:6)
  A hound zombie (D:8)
  9 adders
  8 gnolls
  14 river rats
  A shadow imp (D:11)
  An ooze (D:6)
  3 adder zombies (D:7)
  A worm (D:2)
  50 orcs
  A ball python (D:2)
  3 bats
  3 giant cockroaches
  6 goblins
  3 hobgoblins
  5 jackals
  14 kobolds
  9 quokkas
  2 giant gecko skeletons
  2 giant gecko zombies
  3 rats (D:2)
370 creatures vanquished.

Notes
Turn   | Place    | Note
--------------------------------------------------------------
     0 | D:1      | Implojin the Troll Fighter began the quest for the Orb.
     0 | D:1      | Reached XP level 1. HP: 22/22 MP: 0/0
   119 | D:2      | Reached XP level 2. HP: 29/29 MP: 1/1
   166 | D:2      | Reached skill level 3 in Unarmed Combat
   358 | D:3      | Reached XP level 3. HP: 36/36 MP: 2/2
   377 | D:3      | Reached skill level 4 in Unarmed Combat
   395 | D:3      | Reached XP level 4. HP: 28/44 MP: 3/3
   580 | D:5      | Entered Level 5 of the Dungeon
   581 | D:5      | Reached skill level 5 in Unarmed Combat
   596 | D:5      | Reached XP level 5. HP: 43/50 MP: 4/4
   699 | D:6      | Reached skill level 6 in Unarmed Combat
   708 | D:6      | Reached XP level 6. HP: 47/59 MP: 5/5
   806 | D:6      | Reached skill level 7 in Unarmed Combat
   842 | D:7      | Noticed Implojin's ghost (amateur TrFi)
   862 | D:7      | Killed Implojin's ghost
   862 | D:7      | Reached skill level 8 in Unarmed Combat
   862 | D:7      | Reached XP level 7. HP: 25/66 MP: 6/6
   905 | D:7      | Noticed a hippogriff
   919 | D:7      | Killed a hippogriff
   919 | D:7      | Reached skill level 9 in Unarmed Combat
   951 | D:7      | Found Yxutus's Antique Weapon Shop.
  1017 | D:7      | Found a flagged portal.
  1039 | Bailey   | Entered a bailey
  1046 | Bailey   | Noticed an orc knight
  1055 | Bailey   | Noticed an orc knight
  1066 | Bailey   | Noticed an orc knight
  1169 | Bailey   | Reached XP level 8. HP: 71/74 MP: 7/7
  1185 | Bailey   | Killed an orc knight
  1185 | Bailey   | Reached skill level 10 in Unarmed Combat
  1220 | Bailey   | Killed an orc knight
  1220 | Bailey   | Reached skill level 11 in Unarmed Combat
  1223 | Bailey   | Reached XP level 9. HP: 45/80 MP: 8/8
  1272 | Bailey   | Reached skill level 12 in Unarmed Combat
  1314 | Bailey   | Killed an orc knight
  1314 | Bailey   | Reached skill level 4 in Fighting
  1397 | D:7      | Found a shimmering altar of Xom.
  1476 | D:7      | Noticed a hungry ghost
  1498 | D:7      | Killed a hungry ghost
  1498 | D:7      | Reached skill level 5 in Fighting
  1540 | D:7      | Noticed a spriggan baker
  1546 | D:7      | Killed a spriggan baker
  1597 | D:6      | Noticed an ice beast
  1658 | D:5      | Reached skill level 6 in Fighting
  1724 | D:4      | Found a staircase to the Ecumenical Temple.
  1733 | Temple   | Entered the Ecumenical Temple
  1775 | Temple   | Became a worshipper of Warmaster Okawaru
  2082 | D:10     | Entered Level 10 of the Dungeon
  2136 | D:10     | Learned a level 2 spell: Blink
  2139 | D:10     | Learned a level 2 spell: Repel Missiles
  2207 | D:11     | Reached skill level 7 in Fighting
  2207 | D:11     | Reached XP level 10. HP: 99/102 MP: 9/9
  2290 | D:11     | Found a staircase to the Orcish Mines.
  2310 | D:11     | Killed an unseen horror
  2310 | D:11     | Reached * piety under Okawaru
  2320 | D:11     | Reached skill level 8 in Fighting
  2451 | D:11     | Reached ** piety under Okawaru
  2464 | D:11     | Reached skill level 9 in Fighting
  2547 | D:11     | Noticed a tengu warrior
  2577 | D:11     | Killed a tengu warrior
  2711 | D:12     | Reached skill level 10 in Fighting
  2754 | D:12     | Reached *** piety under Okawaru
  2756 | D:12     | Reached XP level 11. HP: 91/119 MP: 10/10
  2792 | D:11     | Noticed a wizard
  2792 | D:11     | Noticed a wizard
  2800 | D:11     | Cast into the Abyss (a wizard)
  2819 | D:11     | Escaped the Abyss
  2823 | D:11     | Killed a wizard
  2825 | D:11     | Killed a wizard
  2825 | D:11     | Reached **** piety under Okawaru
  2825 | D:11     | Reached skill level 11 in Fighting
  2836 | D:11     | Identified Rischig's Volume of Enchantment and Augmentations
  3072 | D:10     | Noticed a hill giant
  3081 | D:10     | Killed a hill giant
  3219 | D:10     | Noticed a centaur skeleton
  3220 | D:10     | Received a gift from Okawaru
  3247 | D:10     | Killed a centaur skeleton
  3298 | D:10     | Noticed a hill giant
  3332 | D:10     | Killed a hill giant
  3332 | D:10     | Reached skill level 12 in Fighting
  3526 | D:9      | Reached ***** piety under Okawaru
  3526 | D:9      | Reached skill level 3 in Shields
  3701 | D:8      | Noticed Pikel
  3708 | D:8      | Killed Pikel
  3708 | D:8      | Reached skill level 4 in Shields
  3884 | D:8      | Noticed a fire drake
  3894 | D:8      | Killed a fire drake
  3895 | D:8      | Found a staircase to the Lair.
  3904 | Lair:1   | Entered Level 1 of the Lair of Beasts
  3916 | Lair:1   | Found a frozen archway.
  3925 | IceCv    | Entered an ice cave
  3994 | IceCv    | Reached skill level 5 in Shields
  4036 | IceCv    | Reached skill level 1 in Invocations
  4044 | IceCv    | Reached skill level 2 in Invocations
  4053 | IceCv    | Reached XP level 12. HP: 103/132 MP: 12/12
  4065 | IceCv    | Reached skill level 3 in Invocations
  4105 | IceCv    | Reached skill level 4 in Invocations
  4170 | IceCv    | Reached skill level 5 in Invocations
  4266 | IceCv    | Reached skill level 6 in Invocations
  4326 | IceCv    | Received a gift from Okawaru
  4349 | IceCv    | Reached skill level 7 in Invocations
  4387 | IceCv    | Noticed a frost giant
  4396 | IceCv    | Killed a frost giant
  4396 | IceCv    | Reached skill level 8 in Invocations
  4544 | Lair:1   | Reached skill level 9 in Invocations
  4576 | Lair:2   | Received a gift from Okawaru
  4583 | Lair:2   | Reached skill level 3 in Dodging
  4649 | Lair:3   | Learned a level 3 spell: Regeneration
  4765 | Lair:5   | Reached skill level 4 in Dodging
  4777 | Lair:4   | Noticed a four-headed hydra
  4785 | Lair:4   | Killed a two-headed hydra
  4816 | Lair:4   | Reached XP level 13. HP: 101/140 MP: 18/18
  4843 | Lair:4   | Reached skill level 5 in Dodging
  4981 | Lair:3   | Received a gift from Okawaru
  5153 | Lair:4   | Reached skill level 6 in Dodging
  5289 | Lair:6   | Found a hole to the Spider Nest.
  5300 | Spider:1 | Entered Level 1 of the Spider Nest
  5321 | Spider:1 | You fall through a shaft!
  5321 | Spider:2 | Noticed an emperor scorpion
  5349 | Spider:2 | Killed an emperor scorpion
  5349 | Spider:2 | Reached skill level 7 in Dodging
  5419 | Spider:2 | Noticed Arachne
  5430 | Spider:2 | Killed from afar by Arachne

Action                   |  1- 3 |  4- 6 |  7- 9 | 10-12 | 13-15 || total
-------------------------+-------+-------+-------+-------+-------++-------
Melee: Unarmed           |    89 |    69 |   259 |   632 |   164 ||  1213
       Hand axe          |       |       |       |     3 |       ||     3
       Scimitar          |       |       |       |       |     1 ||     1
Throw: Tomahawk          |       |       |     1 |     4 |       ||     5
       Large rock        |       |       |       |     3 |     3 ||     6
       Javelin           |       |       |       |       |     3 ||     3
Invok: Heroism           |       |       |       |    26 |     6 ||    32
       Finesse           |       |       |       |     2 |     3 ||     5
  Use: Potion            |       |     1 |     4 |     5 |     3 ||    13
       Scroll            |       |       |    15 |     8 |     2 ||    25
 Stab: Invisible         |       |       |       |     2 |       ||     2
       Sleeping          |       |       |       |     3 |     4 ||     7
       Distracted        |       |       |       |     1 |       ||     1
  Eat: Chunk             |     9 |     1 |    12 |    26 |     1 ||    49
       Meat ration       |       |       |     1 |       |       ||     1

Table legend:
 A = Turns spent in this place as a percentage of turns spent in the entire game.
 B = Non-inter-level travel turns spent in this place as a percentage of non-inter-level travel turns spent in the entire game.
 C = Inter-level travel turns spent in this place as a percentage of turns spent in this place.
 D = Turns resting spent in this place as a percentage of non-inter-level travel turns spent in this place.
 E = Turns spent auto-exploring this place as a percentage of non-inter-level travel turns spent in this place.
 F = Non-inter-level travel turns spent in this place divided by the number of levels of this place that you've seen.
                   A       B       C       D       E      F
               +-------+-------+-------+-------+-------+----------------------
         Total | 100.0 | 100.0 |   0.0 |   0.0 |   0.0 | 222.5
       Dungeon |  63.6 |  63.6 |   0.0 |   0.0 |   0.0 | 283.1
        Temple |   1.6 |   1.6 |   0.0 |   0.0 |   0.0 |  86.0
          Lair |  15.6 |  15.6 |   0.0 |   0.0 |   0.0 | 138.7
   Spider Nest |   2.5 |   2.5 |   0.0 |   0.0 |   0.0 |  68.0
         Abyss |   0.4 |   0.4 |   0.0 |   0.0 |   0.0 |  22.0
        Bailey |   6.2 |   6.2 |   0.0 |   0.0 |   0.0 | 333.0
      Ice Cave |  10.0 |  10.0 |   0.0 |   0.0 |   0.0 | 534.0
               +-------+-------+-------+-------+-------+----------------------

Table legend:
 A = Kills in this place as a percentage of kills in entire the game.
 B = Kills by you in this place as a percentage of kills by you in the entire game.
 C = Kills by friends in this place as a percentage of kills by friends in the entire game.
 D = Other kills in this place as a percentage of other kills in the entire game.
 E = Experience gained in this place as a percentage of experience gained in the entire game.
 F = Experience gained in this place divided by the number of levels of this place that you have seen.
                   A       B       C       D       E      F
               +-------+-------+-------+-------+-------+----------------------
         Total | 100.0 | 100.0 |  -nan | 100.0 | 100.0 | 2011.0
       Dungeon |  57.4 |  57.3 |  -nan | 100.0 |  35.0 | 1406.8
          Lair |  18.3 |  18.4 |  -nan |   0.0 |  21.2 | 1709.3
   Spider Nest |   3.2 |   3.2 |  -nan |   0.0 |   9.7 | 2337.0
        Bailey |   7.0 |   7.0 |  -nan |   0.0 |   5.3 | 2580.0
      Ice Cave |  14.0 |  14.1 |  -nan |   0.0 |  28.7 | 13873.0
               +-------+-------+-------+-------+-------+----------------------
